 Dungeon Crawl Stone Soup version 0.28-a0-828-g0121872642 (webtiles) character file.

Game seed: 12667761177145775773

51 ytrimaz the Chiller (level 3, -2/26 HPs)
             Began as a Demigod Ice Elementalist on Nov 10, 2021.
             Slain by a quokka (5 damage)
             ... on level 2 of the Dungeon.
             The game lasted 00:02:02 (1689 turns).

ytrimaz the Chiller (Demigod Ice Elementalist)      Turns: 1689, Time: 00:02:03

Health: -2/26      AC:  2    Str:  9    XL:     3   Next: 36%
Magic:  0/9        EV: 12    Int: 21    God:
Gold:   57         SH:  0    Dex: 14    Spells: 6/7 levels left

rFire   + . .      SeeInvis .   (no weapon)
rCold   + . .      Faith    .   (no shield)
rNeg    . . .      Spirit   .   a - +0 robe
rPois   +          Reflect  .   (no helmet)
rElec   +          Harm     .   b - scarf {+Inv}
rCorr   +          Rampage  .   (no gloves)
Will    .....                   (no boots)
Stlth   ++........              (no amulet)
HPRegen 0.08/turn               (no ring)
MPRegen 0.11/turn               (no ring)

@: lethally poisoned (-2 -> -6), resistant, very slightly contaminated
A: high mp 1, forlorn
a: Evoke Invisibility


You were on level 2 of the Dungeon.
You visited 1 branch of the dungeon, and saw 2 of its levels.

You collected 57 gold pieces.

Inventory:

Armour
 a - a +0 robe (worn)
 b - a scarf of invisibility (worn)
Scrolls
 e - a scroll of silence {unknown}
 g - a scroll of magic mapping {unknown}
 h - a scroll of amnesia {unknown}
Potions
 c - a potion of ambrosia {unknown}
 d - a potion of resistance
 f - a potion of curing {unknown}


   Skills:
 + Level 1.8 Dodging
 - Level 1.7 Stealth
 * Level 2.6 Spellcasting
 * Level 4.3 Ice Magic


You had 6 spell levels left.
You knew the following spells:

 Your Spells              Type           Power      Damage    Failure   Level
a - Freeze                Ice            80%        1d9       2%          1

Your spell library contained the following spells:

 Spells                   Type           Power      Damage    Failure   Level
 Frozen Ramparts          Ice            40%        1d6       7%          3
 Ozocubu's Armour         Ice            20%        N/A       7%          3
 Hailstorm                Conj/Ice       11%        3d5       50%         4


Dungeon Overview and Level Annotations

Branches:
Dungeon (2/15)

Annotations:
D:2 Sigmund


Innate Abilities, Weirdness & Mutations

Your attributes grow dramatically as you level up.
You have an increased reservoir of magic. (+10% MP)
You shall have no god before yourself.


Message History

Increase (S)trength, (I)ntelligence, or (D)exterity?
You feel clever. x4
You freeze the adder.
The adder is moderately wounded.
You feel sick. The adder closely misses you.
You freeze the adder.
The adder is heavily wounded.
You feel sick. The adder barely misses you.
You miscast Freeze.
You are very lightly contaminated with residual magic.
Nothing appears to happen.
You feel sick.
You are no longer poisoned.
The adder bites you. The adder barely misses you.
You are too injured to fight recklessly!
You are too injured to fight recklessly!
Unknown command.
Casting: Freeze (safe; 2% risk of failure)
Confirm with . or Enter, or press ? or * to list all spells.
Aiming: Freeze (safe; 2% risk of failure)
Press: ? - help, Shift-Dir - straight line, f/p - adder
Aim: an adder (heavily wounded)
You freeze the adder.
The adder is almost dead.
The adder bites you.
You are poisoned.
The adder poisons you!
Casting: Freeze (safe; 2% risk of failure)
Confirm with . or Enter, or press ? or * to list all spells.
Aiming: Freeze (safe; 2% risk of failure)
Press: ? - help, Shift-Dir - straight line, f/p - adder
Aim: an adder (almost dead)
You freeze the adder.
You kill the adder!
You feel sick. The quokka bites you.
* * * LOW HITPOINT WARNING * * *
It was a potion of resistance.
You feel protected.
* * * LOW HITPOINT WARNING * * *
You feel sick. The quokka bites you.
You die...

#.........# ####.....
#.........#######.....###
#....r..####........#..#
#....>...# #.####......##
#........# #.........#..#
#........# #####.#......#
####+###.# #.....#.##.#
#r# #.#.###....# #@#
#.#......... #.###
#.########## #...#
#.....# ###.# #####.#
#.#######.# #.........#
###########


You could see a quokka.

Vanquished Creatures
  3 adders (D:2)
  2 dart slugs
  2 giant cockroaches (D:1)
  2 goblins
  A hobgoblin (D:1)
  2 kobolds (D:1)
  2 quokkas (D:1)
  A ball python (D:1)
  A frilled lizard (D:1)
  5 rats (D:1)
21 creatures vanquished.

Notes
Turn   | Place    | Note
-------+----------+-------------------------------------------
     0 | D:1      | ytrimaz the Demigod Ice Elementalist began the quest for
                  | the Orb.
     0 | D:1      | Reached XP level 1. HP: 14/14 MP: 5/5
   378 | D:1      | Reached skill level 4 in Ice Magic
   378 | D:1      | Reached XP level 2. HP: 18/20 MP: 2/7
  1329 | D:2      | Noticed Sigmund
  1684 | D:2      | Reached XP level 3. HP: 17/26 MP: 5/9
  1689 | D:2      | Slain by a quokka

Illustrated notes

Levels and vault maps discovered:
D:1:      scummos_arrival_gate, layout_loops_ring, kennysheep_boxes
D:2:      minmay_recursive_quarters, layout_basic,
          hellmonk_ecumenical_altar_blasted, uniq_sigmund

Skill      XL: |  1 |
---------------+----+-----
Spellcasting   | 2 |  2.6
Ice Magic      | 4 |  4.3
Dodging        | |  1.8
Stealth        | |  1.7

Action                   || total
-------------------------++-------
Melee: Unarmed           ||     1
 Cast: Freeze            ||    38
  Use: Potion            ||     1
Armor: Robe              ||     1
Dodge: Dodged            ||    17

Table legend: (Time is in decaauts)
 A = Elapsed time spent in this place.
 B = Non-inter-level travel time spent in this place.
 C = Inter-level travel time spent in this place.
 D = Time resting spent in this place.
 E = Time spent auto-exploring this place.
 F = Levels seen in this place.
 G = Mean time per level.
                   A        B        C        D        E       F      G
               +--------+--------+--------+--------+--------+-----+--------+
         Total |   1689 |   1637 |     52 |    291 |   1132 |   2 |  844.5 |
       Dungeon |   1689 |   1637 |     52 |    291 |   1132 |   2 |  844.5 |
               +--------+--------+--------+--------+--------+-----+--------+

Top non-repeatable levels by time:
     D:1: 1084 daAuts
     D:2: 605 daAuts
